Map: Cerulean Fall LE

Players

Serral - Winner!

  • Race: Zerg Zerg
  • Spawn Location: 1:00

Stephano

  • Race: Zerg Zerg
  • Spawn Location: 7:00

Event: WCS Montreal 2018

VOD

Have the link to the VOD?

Description

Time

  • Played on: Sept. 7, 2018, 7:33 p.m.
  • Length: 11:35

All games in this series

Show
View Real Time Build Order
Export as new Build Order

Serral Zerg - Winner!

Build Orders: Hatch First 

Get SALT Encoding   

  12  0:00  Drone  
  13  0:13  Overlord  
  13  0:17  Drone  
  14  0:31  Drone x2  
  16  0:49  Hatchery  
  15  0:51  Drone  
  15  0:55  Drone  
  17  0:58  Drone  
  18  1:05  Extractor  
  17  1:14  Spawning Pool  
  17  1:18  Drone  
  17  1:21  Drone  
  18  1:28  Drone  
  19  1:41  Overlord  
  19  2:01  Queen x2  
  21  2:02  Zergling x4  
  21  2:05  Metabolic Boost  
  25  2:08  Zergling x2  
  25  2:13  Drone  
  25  2:14  Drone  
  28  2:23  Drone x2  
  30  2:33  Drone  
  30  2:34  Drone  
  32  2:45  Hatchery  
  32  2:48  Overlord  
  31  2:53  Zergling x2  
  31  2:57  Drone  
  33  3:01  Zergling x2  
  33  3:05  Zergling x4  
  36  3:09  Zergling x8  
  36  3:11  Zergling x2  
  41  3:13  Zergling x2  
  42  3:21  Zergling x2  
  42  3:24  Baneling Nest  
  42  3:26  Overlord  
  42  3:31  Zergling x2  
  42  3:32  Zergling x2  
  43  3:39  Zergling x2  
  43  3:44  Overlord  
  43  3:49  Overlord  
  43  3:50  Drone x3  
  43  3:55  Drone  
  47  3:57  Queen  
  47  4:00  Drone  
  49  4:05  Drone x2  
  49  4:08  Baneling  
  49  4:09  Baneling  
  51  4:12  Zergling x4  
  51  4:14  Zergling x2  
  52  4:17  Zergling x2  
  53  4:27  Drone x2  
  53  4:31  Baneling x2  
  54  4:35  Drone  
  54  4:36  Drone x5  
  59  4:39  Drone  
  59  4:45  Evolution Chamber, Overlord  
  59  4:47  Drone  
  59  4:50  Baneling x2  
  60  4:53  Drone x3  
  60  4:57  Drone x2  
  65  5:01  Overlord  
  65  5:06  Drone  
  65  5:07  Drone x4  
  67  5:10  Drone x2  
  67  5:13  Drone  
  66  5:20  Zerg Missile Weapons Level 1  
  66  5:22  Drone  
  66  5:24  Extractor, Drone  
  66  5:25  Extractor  
  66  5:27  Overlord  
  66  5:31  Drone  
  66  5:32  Zergling x2  
  67  5:35  Drone  
  65  5:43  Overlord  
  65  5:46  Zergling x4  
  65  5:47  Drone x3  
  65  5:49  Queen  
  71  5:50  Lair  
  71  5:54  Roach Warren  
  71  5:55  Drone x2  
  71  5:56  Drone x2  
  74  5:57  Zergling x2  
  74  5:58  Drone  
  74  6:02  Zergling x2  
  77  6:06  Drone  
  77  6:11  Extractor x2, Overlord  
  76  6:12  Baneling  
  76  6:13  Baneling  
  76  6:20  Drone  
  76  6:21  Drone x9  
  85  6:26  Drone  
  85  6:27  Pneumatized Carapace  
  85  6:29  Extractor  
  85  6:39  Drone  
  85  6:40  Roach x2  
  88  6:49  Hatchery  
  88  6:50  Roach  
  88  6:51  Glial Reconstitution, Roach x3  
  88  6:52  Overseer  
  91  6:57  Queen  
  91  6:59  Zergling x4  
  91  7:00  Zergling x4  
  89  7:04  Drone x2  
  89  7:08  Roach x3  
  96  7:11  Roach  
  96  7:12  Overlord x3  
  98  7:17  Spine Crawler  
  98  7:19  Spine Crawler  
  98  7:21  Baneling x8  
  98  7:22  Spine Crawler  
  98  7:33  Roach x8  
  106  7:40  Roach x2  
  105  7:45  Roach  
  105  7:51  Roach x4  
  110  7:53  Roach x2  
  100  8:01  Roach x2  
  100  8:02  Roach x3  
  99  8:10  Roach x4  
  97  8:18  Roach  
  97  8:19  Roach x2  
  99  8:25  Queen x2  
  101  8:35  Spire  
  101  8:37  Ravager  
  101  8:40  Roach x3  
  108  8:43  Roach x2  
  108  8:44  Roach  
  114  8:49  Roach x3  
  119  9:04  Roach x2  
  119  9:09  Roach x2  
  119  9:14  Roach x3  
  119  9:16  Queen  
  113  9:23  Spire  
  108  9:25  Roach x3  
  114  9:37  Drone x6  
  120  9:42  Overlord  
  120  9:43  Drone  
  120  9:44  Drone  
  122  9:52  Overlord  
  122  9:54  Overlord  
  122  9:58  Drone x3  
  121  10:05  Hatchery  
  115  10:10  Overlord  
  113  10:18  Overlord  
  113  10:35  Mutalisk x7  
  113  10:38  Mutalisk  
  129  10:44  Mutalisk x2  
  129  10:48  Mutalisk x2  
  137  10:51  Mutalisk  
  139  11:00  Mutalisk x2  
  139  11:03  Overlord  
  139  11:04  Overlord  
  147  11:35  Extractor  
Show
View Real Time Build Order
Export as new Build Order

Stephano Zerg 

Build Orders: Hatch First 

Get SALT Encoding   

  12  0:00  Drone  
  13  0:12  Overlord  
  13  0:18  Drone  
  14  0:31  Drone x2  
  16  0:43  Drone  
  17  0:51  Hatchery  
  17  0:55  Drone  
  17  0:58  Drone  
  18  1:08  Extractor  
  17  1:13  Spawning Pool  
  17  1:16  Drone  
  17  1:19  Drone  
  18  1:28  Drone  
  19  1:39  Drone  
  20  1:50  Drone  
  21  2:01  Overlord  
  21  2:02  Queen  
  21  2:03  Queen  
  21  2:04  Drone  
  26  2:11  Drone  
  26  2:12  Metabolic Boost  
  27  2:16  Drone  
  28  2:28  Hatchery  
  27  2:30  Zergling x2  
  27  2:32  Zergling x2  
  29  2:41  Queen  
  32  2:44  Zergling x2  
  32  2:50  Drone  
  33  2:53  Drone  
  33  2:57  Drone  
  35  3:01  Baneling Nest  
  35  3:02  Drone x2  
  36  3:08  Overlord  
  36  3:13  Overlord  
  36  3:25  Queen  
  38  3:27  Zergling x8  
  38  3:32  Drone x2  
  44  3:39  Zergling x6  
  46  3:42  Zergling x4  
  46  3:47  Baneling x3  
  49  3:48  Zergling x2  
  49  3:56  Drone x3  
  52  4:03  Overlord  
  52  4:16  Zergling x2  
  52  4:18  Overlord  
  52  4:19  Hatchery  
  51  4:26  Drone x3  
  51  4:27  Drone  
  51  4:31  Drone x4  
  58  4:39  Zergling x6  
  61  4:49  Drone, Evolution Chamber  
  61  4:59  Baneling x3  
  61  5:02  Drone x3  
  67  5:07  Drone x4  
  64  5:15  Drone x2  
  64  5:18  Extractor  
  64  5:19  Extractor  
  64  5:20  Zergling x6  
  66  5:28  Zerg Ground Armor Level 1  
  66  5:34  Drone x2  
  68  5:42  Drone x4  
  70  5:46  Drone x3  
  70  5:47  Overlord  
  70  5:48  Overlord  
  72  5:53  Overlord  
  72  5:58  Roach Warren  
  71  6:10  Zergling x16  
  78  6:20  Baneling  
  78  6:21  Baneling  
  76  6:26  Overlord x2  
  76  6:38  Roach x9  
  76  6:39  Roach x2  
  95  6:51  Roach x5  
  101  6:57  Roach x4  
  101  6:59  Zergling x2  
  106  7:06  Zergling x8  
  108  7:09  Baneling x4  
  108  7:10  Zergling x2  
  108  7:14  Zergling x8  
  113  7:20  Extractor x2, Zergling x4  
  114  7:23  Ravager  
  114  7:26  Overlord x2  
  114  7:29  Hatchery  
  112  7:33  Zergling x6  
  107  7:45  Roach x7  
  107  7:50  Roach x3  
  116  7:58  Roach x3  
  116  8:02  Zergling x2  
  116  8:03  Zergling x10  
  118  8:11  Roach x3  
  116  8:17  Zergling x8  
  110  8:23  Roach x3  
  106  8:28  Lair  
  106  8:29  Zergling x12  
  112  8:36  Zergling x2  
  113  8:46  Drone x5  
  118  8:59  Zergling x22  
  125  9:09  Zergling x2  
  114  9:10  Zergling x12  
  95  9:25  Glial Reconstitution  
  95  9:27  Roach x8  
  95  9:29  Extractor, Spire  
  107  9:35  Drone x5  
  101  9:48  Roach x4  
  101  9:49  Roach x6  
  108  10:03  Roach x8  
  114  10:08  Roach x3  
  114  10:11  Roach  
  114  10:12  Roach  
  120  10:15  Roach x2  
  120  10:17  Roach  
  120  10:18  Roach  
  120  10:21  Roach  
  130  10:22  Roach  
  130  10:25  Roach  
  130  10:27  Roach  
  136  10:31  Overlord x2  
  136  10:49  Mutalisk x5  
  146  10:51  Drone x4  
  150  10:57  Mutalisk  
  152  11:05  Overlord x2  
  152  11:07  Extractor  
Tags
 
Add a new tag
Caveats
  • Supply blocks, unpowered buildings, or Contaminate may cause inaccurate times.
  • Supply counts are checked every 10 seconds.